PCL
MEXICO CITY CERVECEROS @ SAN JOSE MISSIONS
09/09/2026
 
TOP OF THE 1ST
Mexico City Cerveceros batting - Pitching for San Jose Missions : LHP Morgan O'Day
Pitching: LHP Morgan O'Day
Batting: LHB Roberto Lozano 0-0: Ball
1-0: Ball
2-0: Ball
3-0: Base on Balls
Batting: RHB Robert Johnson 0-0: Called Strike
Throwing error on steal attempt, E2
Roberto Lozano to third
0-1: SINGLE (Groundball, 6)
Roberto Lozano scores
Batting: RHB Dennis Stephenson 0-0: Ball
1-0: Ball
2-0: Fly out, F9 (Flyball, 89M)
Batting: LHB Luis Espinoza 0-0: Ball
1-0: Ball
2-0: Called Strike
2-1: Ball
3-1: Swinging Strike
3-2: Fielders Choice at 2nd, 3-6 (Groundball, 3)
Batting: RHB Dave Morgan 0-0: Ground out 5-3 (Groundball, 5)
Top of the 1st over - 1 run(s), 1 hit(s), 1 error(s), 1 left on base; Mexico City 1 - San Jose 0
BOTTOM OF THE 1ST
San Jose Missions batting - Pitching for Mexico City Cerveceros : RHP Roberto Matoza
Pitching: RHP Roberto Matoza
Batting: RHB Peyton Pennington 0-0: Fly out, F8 (Flyball, 8RM)
Batting: RHB Jorge Díaz 0-0: Called Strike
0-1: Swinging Strike
0-2: Strikes out looking
Batting: RHB Ramón Ruíz 0-0: Ball
1-0: Called Strike
1-1: Ball
2-1: Foul Ball, location: 2F
2-2: Fly out, F1 (Line Drive, 13)
Bottom of the 1st over - 0 run(s), 0 hit(s), 0 error(s), 0 left on base; Mexico City 1 - San Jose 0
TOP OF THE 2ND
Mexico City Cerveceros batting - Pitching for San Jose Missions : LHP Morgan O'Day
Batting: RHB Claudio Souza 0-0: SINGLE (Groundball, 56D) (infield hit)
Batting: LHB Gary Kern 0-0: Fly out, F9 (Flyball, 89S)
Batting: SHB George Adams 0-0: Called Strike
Claudio Souza steals 2nd base
0-1: Ball
1-1: Fly out, F1 (Popup, 34S)
Batting: RHB Orlando Núñes 0-0: Ground out 1-3 (Groundball, 15S)
Top of the 2nd over - 0 run(s), 1 hit(s), 0 error(s), 1 left on base; Mexico City 1 - San Jose 0
BOTTOM OF THE 2ND
San Jose Missions batting - Pitching for Mexico City Cerveceros : RHP Roberto Matoza
Batting: LHB Mel Jones 0-0: Ball
1-0: Ball
2-0: Called Strike
2-1: Fly out, F7 (Line Drive, 78D)
Batting: RHB Chang-geun Kim 0-0: Called Strike
0-1: SINGLE (Groundball, 6MD)
Batting: RHB Culley Douglas 0-0: Ball
1-0: Called Strike
Chang-geun Kim steals 2nd base
1-1: Ball
2-1: Ground out 5-3 (Groundball, 56)
Batting: RHB Irwin Duncan 0-0: Ball
1-0: Fly out, F5 (Popup, 5F)
Bottom of the 2nd over - 0 run(s), 1 hit(s), 0 error(s), 1 left on base; Mexico City 1 - San Jose 0
TOP OF THE 3RD
Mexico City Cerveceros batting - Pitching for San Jose Missions : LHP Morgan O'Day
Batting: LHB Roberto Lozano 0-0: Ball
1-0: Foul Ball, location: 2F
1-1: Swinging Strike
1-2: Ground out 6-3 (Groundball, 6M)
Batting: RHB Robert Johnson 0-0: Called Strike
0-1: Ball
1-1: Swinging Strike
1-2: Ball
2-2: Ball
3-2: Ground out 5-3 (Groundball, 5L)
Batting: RHB Dennis Stephenson 0-0: Ball
1-0: Foul Ball, location: 2F
1-1: Fly out, F4 (Popup, 34S)
Top of the 3rd over - 0 run(s), 0 hit(s), 0 error(s), 0 left on base; Mexico City 1 - San Jose 0
BOTTOM OF THE 3RD
San Jose Missions batting - Pitching for Mexico City Cerveceros : RHP Roberto Matoza
Batting: RHB Elliott Rucker 0-0: Ground out 6-3 (Groundball, 6M)
Batting: LHB Raúl García 0-0: Called Strike
0-1: SINGLE (Line Drive, 89S)
Batting: RHB Peyton Pennington 0-0: Ball
1-0: Ball
2-0: SINGLE (Groundball, 34D)
Raúl García to second
Runner from 2nd tries for 3rd, SAFE, throw made to third
Batting: RHB Jorge Díaz 0-0: Called Strike
0-1: Ball
Peyton Pennington steals 2nd base
1-1: Ball
2-1: Ball
3-1: Swinging Strike
3-2: Strikes out swinging
Batting: RHB Ramón Ruíz 0-0: Foul Ball, location: 2F
0-1: SINGLE (Flyball, 8RS)
Raúl García scores
Peyton Pennington to third
Runner from 3rd tries for Home, SAFE, no throw or cutoff
Batting: LHB Mel Jones 0-0: Fly out, F7 (Flyball, 7D)
Bottom of the 3rd over - 2 run(s), 3 hit(s), 0 error(s), 1 left on base; Mexico City 1 - San Jose 2
TOP OF THE 4TH
Mexico City Cerveceros batting - Pitching for San Jose Missions : LHP Morgan O'Day
Batting: LHB Luis Espinoza 0-0: Ground out 5-3 (Groundball, 56)
Batting: RHB Dave Morgan 0-0: Called Strike
0-1: Called Strike
0-2: Fly out, F8 (Flyball, 8LXD)
Batting: RHB Claudio Souza 0-0: Ball
1-0: Called Strike
1-1: SINGLE (Line Drive, 6)
Batting: LHB Gary Kern 0-0: Called Strike
0-1: Fly out, F7 (Flyball, 7M)
Top of the 4th over - 0 run(s), 1 hit(s), 0 error(s), 1 left on base; Mexico City 1 - San Jose 2
BOTTOM OF THE 4TH
San Jose Missions batting - Pitching for Mexico City Cerveceros : RHP Roberto Matoza
Batting: RHB Chang-geun Kim 0-0: Ball
1-0: Called Strike
1-1: Foul Ball, location: 2F
1-2: SINGLE (Line Drive, 34)
Batting: RHB Culley Douglas 0-0: Ball
1-0: Ball
2-0: Foul Ball, location: 2F
2-1: Ground out 5-3 (Groundball, 5S)
Chang-geun Kim to second
Batting: RHB Irwin Duncan 0-0: Swinging Strike
0-1: Foul Ball, location: 2F
0-2: Foul Ball, location: 2F
0-2: Ball
1-2: Strikes out swinging
Batting: RHB Elliott Rucker 0-0: Ball
1-0: Ball
2-0: Ball
3-0: Base on Balls
Batting: LHB Raúl García 0-0: Ball
1-0: Ball
2-0: Swinging Strike
2-1: Fielders Choice at 2nd, 6-4 (Groundball, 6)
Bottom of the 4th over - 0 run(s), 1 hit(s), 0 error(s), 1 left on base; Mexico City 1 - San Jose 2
TOP OF THE 5TH
Mexico City Cerveceros batting - Pitching for San Jose Missions : LHP Morgan O'Day
Batting: SHB George Adams 0-0: Hit by Pitch
Batting: RHB Orlando Núñes 0-0: Ground out 5-3 (Groundball, 56S)
George Adams to second
Batting: LHB Roberto Lozano 0-0: Called Strike
0-1: Called Strike
0-2: Ball
1-2: Foul Ball, location: 2F
1-2: Ball
2-2: Strikes out looking
Batting: RHB Robert Johnson 0-0: Called Strike
0-1: Ball
1-1: Foul Ball, location: 2F
1-2: SINGLE (Line Drive, 34)
George Adams to third
Runner from 3rd tries for Home, SAFE, no throw or cutoff
Batting: RHB Dennis Stephenson 0-0: Fielders Choice at 2nd, 5-4 (Groundball, 56)
Top of the 5th over - 1 run(s), 1 hit(s), 0 error(s), 0 left on base; Mexico City 2 - San Jose 2
BOTTOM OF THE 5TH
San Jose Missions batting - Pitching for Mexico City Cerveceros : RHP Roberto Matoza
Batting: RHB Peyton Pennington 0-0: Ball
1-0: Ball
2-0: Swinging Strike
2-1: Foul Ball, location: 2F
2-2: Ball
3-2: Strikes out swinging
Batting: RHB Jorge Díaz 0-0: Fly out, F9 (Flyball, 89M)
Batting: RHB Ramón Ruíz 0-0: Called Strike
0-1: Foul Ball, location: 2F
0-2: Ground out 4-3 (Groundball, 4)
Bottom of the 5th over - 0 run(s), 0 hit(s), 0 error(s), 0 left on base; Mexico City 2 - San Jose 2
TOP OF THE 6TH
Mexico City Cerveceros batting - Pitching for San Jose Missions : LHP Morgan O'Day
Batting: LHB Luis Espinoza 0-0: Called Strike
0-1: Ball
1-1: Foul Ball, location: 2F
1-2: Ball
2-2: Ball
3-2: SINGLE (Line Drive, 4MD)
Batting: RHB Dave Morgan 0-0: Foul Ball, location: 2F
0-1: Ball
1-1: Foul Ball, location: 2F
1-2: Ball
2-2: Ball
3-2: Base on Balls
Luis Espinoza to second
Batting: RHB Claudio Souza 0-0: Called Strike
0-1: Fly out, F5 (Popup, 5)
Batting: LHB Gary Kern 0-0: Grounds into double play, 4-6-3 (Groundball, 4)
Top of the 6th over - 0 run(s), 1 hit(s), 0 error(s), 1 left on base; Mexico City 2 - San Jose 2
BOTTOM OF THE 6TH
San Jose Missions batting - Pitching for Mexico City Cerveceros : RHP Roberto Matoza
Batting: LHB Mel Jones 0-0: SINGLE (Groundball, 6MD)
Batting: RHB Chang-geun Kim 0-0: Ball
1-0: Foul Ball, location: 2F
1-1: Foul Ball, location: 2F
1-2: Fly out, F2 (Popup, 25F)
Batting: RHB Culley Douglas 0-0: Ball
1-0: Ball
2-0: Foul Ball, location: 2F
2-1: Ball
3-1: Base on Balls
Mel Jones to second
Batting: RHB Irwin Duncan 0-0: Called Strike
0-1: Ball
1-1: Fly out, F6 (Popup, 6)
Batting: RHB Elliott Rucker 0-0: Called Strike
0-1: Ball
1-1: Foul Ball, location: 2F
1-2: Foul Ball, location: 2F
1-2: Ball
2-2: Strikes out looking
Bottom of the 6th over - 0 run(s), 1 hit(s), 0 error(s), 2 left on base; Mexico City 2 - San Jose 2
TOP OF THE 7TH
Mexico City Cerveceros batting - Pitching for San Jose Missions : LHP Morgan O'Day
Pinch Hitting: RHB Robinson Pacheco 0-0: Foul Ball, location: 2F
0-1: Fly out, F6 (Line Drive, 6)
Batting: RHB Orlando Núñes 0-0: Called Strike
0-1: Foul Ball, location: 2F
0-2: Ball
1-2: Fly out, F9 (Flyball, 89D)
Pinch Hitting: RHB Carl Martin 0-0: Foul Ball, location: 2F
0-1: Foul Ball, location: 2F
0-2: Strikes out swinging, 2-3 out at first.
Top of the 7th over - 0 run(s), 0 hit(s), 0 error(s), 0 left on base; Mexico City 2 - San Jose 2
BOTTOM OF THE 7TH
San Jose Missions batting - Pitching for Mexico City Cerveceros : RHP Roberto Matoza
Pitching: RHP Gil Dickson
Now at SS: Robinson Pacheco
Now in RF: Carl Martin
Pinch Hitting: LHB Miguel Montés 0-0: SINGLE (Line Drive, 34)
Batting: RHB Peyton Pennington 0-0: Bunt missed!
0-1: Bunted foul
0-2: Ball
1-2: Foul Ball, location: 2F
1-2: Ball
2-2: Ground out 5-3 (Groundball, 5S)
Miguel Montés to second
Pinch Hitting: LHB Arturo Rivera 0-0: Ball
Miguel Montés steals 3rd base
1-0: Foul Ball, location: 2F
1-1: Called Strike
1-2: SINGLE (Groundball, 34)
Miguel Montés scores
Batting: RHB Ramón Ruíz 0-0: Ball
Arturo Rivera is caught stealing 2nd base
1-0: DOUBLE (Groundball, 3L)
Batting: LHB Mel Jones 0-0: Called Strike
0-1: Called Strike
0-2: Foul Ball, location: 2F
0-2: Strikes out swinging
Bottom of the 7th over - 1 run(s), 3 hit(s), 0 error(s), 1 left on base; Mexico City 2 - San Jose 3
TOP OF THE 8TH
Mexico City Cerveceros batting - Pitching for San Jose Missions : LHP Morgan O'Day
Now at 1B: Jorge Comacho
Now at 3B: Bobby Brewster
Now at SS: Kieran Farris
Batting: RHB Robert Johnson 0-0: Called Strike
0-1: Swinging Strike
0-2: Foul Ball, location: 2F
0-2: Ball
1-2: Ball
2-2: Foul Ball, location: 2F
2-2: Foul Ball, location: 2F
2-2: Ball
3-2: SOLO HOME RUN (Flyball, 7LD), Distance : 356 ft
Batting: RHB Dennis Stephenson 0-0: Swinging Strike
0-1: Foul Ball, location: 2F
0-2: Ball
1-2: Ball
2-2: Strikes out swinging
Pinch Hitting: RHB Pablo Trujillo 0-0: Foul Ball, location: 2F
0-1: Called Strike
0-2: Ball
1-2: Strikes out swinging
Batting: RHB Dave Morgan 0-0: Swinging Strike
0-1: Foul Ball, location: 2F
0-2: Strikes out swinging
Top of the 8th over - 1 run(s), 1 hit(s), 0 error(s), 0 left on base; Mexico City 3 - San Jose 3
BOTTOM OF THE 8TH
San Jose Missions batting - Pitching for Mexico City Cerveceros : RHP Gil Dickson
Now in RF: Pablo Trujillo
Batting: RHB Chang-geun Kim 0-0: Foul Ball, location: 2F
0-1: Ball
1-1: Foul Ball, location: 2F
1-2: Ball
2-2: Strikes out swinging
Pinch Hitting: RHB Armando López 0-0: Called Strike
0-1: Ball
1-1: Foul Ball, location: 2F
1-2: Foul Ball, location: 2F
1-2: Ground out 6-3 (Groundball, 6)
Batting: RHB Irwin Duncan 0-0: Ball
1-0: Called Strike
1-1: Foul Ball, location: 2F
1-2: Foul Ball, location: 2F
1-2: Ball
2-2: Ball
3-2: Foul Ball, location: 2F
3-2: Base on Balls
Batting: RHB Elliott Rucker 0-0: Ball
1-0: Ball
2-0: Called Strike
2-1: Ball
Irwin Duncan steals 2nd base
3-1: Foul Ball, location: 2F
3-2: Strikes out swinging
Bottom of the 8th over - 0 run(s), 0 hit(s), 0 error(s), 1 left on base; Mexico City 3 - San Jose 3
TOP OF THE 9TH
Mexico City Cerveceros batting - Pitching for San Jose Missions : LHP Morgan O'Day
Pitching: RHP Lee Donahue
Now at 2B: Goro Tanabe
Pinch Hitting: LHB Juan García 0-0: Called Strike
0-1: Fly out, F8 (Flyball, 8RS)
Batting: LHB Gary Kern 0-0: Called Strike
0-1: Ball
1-1: Ball
2-1: SINGLE (Line Drive, 9LS)
Batting: RHB Robinson Pacheco 0-0: Swinging Strike
0-1: Called Strike
0-2: SINGLE (Groundball, 6MD)
Gary Kern to second
Runner from 2nd tries for 3rd, SAFE, throw made to third
Batting: RHB Orlando Núñes 0-0: Ball
1-0: Foul Ball, location: 2F
1-1: Ground out U3 (Groundball, 3)
Robinson Pacheco to second
Batting: RHB Carl Martin 0-0: Ground out 5-3 (Groundball, 56S)
Top of the 9th over - 0 run(s), 2 hit(s), 0 error(s), 2 left on base; Mexico City 3 - San Jose 3
BOTTOM OF THE 9TH
San Jose Missions batting - Pitching for Mexico City Cerveceros : RHP Gil Dickson
Now at 3B: Orlando González
Pinch Hitting: RHB Andrew Benson 0-0: Called Strike
0-1: Swinging Strike
0-2: Ball
1-2: Ball
2-2: Strikes out swinging
Pitching: RHP Jonathan Long
Batting: RHB Peyton Pennington 0-0: Ball
1-0: Called Strike
1-1: Ball
2-1: Ball
3-1: Base on Balls
Pinch Hitting: RHB Cal Keys 0-0: Ball
1-0: Ball
2-0: Ball
3-0: Called Strike
3-1: Called Strike
3-2: Foul Ball, location: 2F
3-2: Strikes out looking
Pinch Hitting: LHB Félix García 0-0: Ball
1-0: Ball
2-0: Ball
3-0: Called Strike
3-1: Ground out 4-3 (Groundball, 34)
Bottom of the 9th over - 0 run(s), 0 hit(s), 0 error(s), 1 left on base; Mexico City 3 - San Jose 3
TOP OF THE 10TH
Mexico City Cerveceros batting - Pitching for San Jose Missions : RHP Lee Donahue
Now at 1B: Cal Keys
Now at 3B: Dave Marshall
Now at SS: Luis Antonio Rosas
Batting: RHB Robert Johnson 0-0: Foul Ball, location: 2F
0-1: Ground out 1-3 (Groundball, 13)
Batting: RHB Dennis Stephenson 0-0: Ball
1-0: Ball
2-0: Ball
3-0: Called Strike
3-1: Foul Ball, location: 2F
3-2: Foul Ball, location: 2F
3-2: Base on Balls
Batting: RHB Pablo Trujillo 0-0: Called Strike
0-1: Ball
1-1: SINGLE (Flyball, 8RS)
Dennis Stephenson to second
Batting: RHB Dave Morgan 0-0: Foul Ball, location: 2F
0-1: Ball
1-1: Foul Ball, location: 2F
1-2: Strikes out swinging
Batting: RHB Orlando González 0-0: Ball
1-0: Fly out, F8 (Flyball, 8RM)
Top of the 10th over - 0 run(s), 1 hit(s), 0 error(s), 2 left on base; Mexico City 3 - San Jose 3
BOTTOM OF THE 10TH
San Jose Missions batting - Pitching for Mexico City Cerveceros : RHP Jonathan Long
Batting: LHB Mel Jones 0-0: Ground out 6-3 (Groundball, 6)
Batting: RHB Chang-geun Kim 0-0: Ball
1-0: Called Strike
1-1: Ball
2-1: Foul Ball, location: 2F
2-2: Strikes out swinging
Batting: RHB Goro Tanabe 0-0: Called Strike
0-1: Called Strike
0-2: Ball
1-2: Foul Ball, location: 2F
1-2: Foul Ball, location: 2F
1-2: Strikes out swinging
Bottom of the 10th over - 0 run(s), 0 hit(s), 0 error(s), 0 left on base; Mexico City 3 - San Jose 3
TOP OF THE 11TH
Mexico City Cerveceros batting - Pitching for San Jose Missions : RHP Lee Donahue
Batting: LHB Gary Kern 0-0: Ball
1-0: Fly out, F4 (Popup, 4M)
Batting: RHB Robinson Pacheco 0-0: Ball
1-0: Ball
2-0: Ball
3-0: Called Strike
3-1: Base on Balls
Batting: RHB Orlando Núñes 0-0: Called Strike
0-1: Ball
1-1: Ball
2-1: Fly out, F9 (Flyball, 9M)
Batting: RHB Carl Martin 0-0: Ball
1-0: Ball
2-0: Ball
3-0: Base on Balls
Robinson Pacheco to second
Batting: RHB Robert Johnson 0-0: Ball
1-0: SINGLE (Flyball, 9LS)
Robinson Pacheco to third
Carl Martin to second
Batting: RHB Dennis Stephenson 0-0: Ball
1-0: Ball
2-0: Ball
3-0: Base on Balls
Robinson Pacheco scores
Carl Martin to third
Robert Johnson to second
Pitching: LHP Octávio Pérez
Batting: RHB Pablo Trujillo 0-0: Called Strike
0-1: Foul Ball, location: 2F
0-2: Ball
1-2: SINGLE (Line Drive, 4D)
Carl Martin scores
Robert Johnson to third
Dennis Stephenson to second
Batting: RHB Dave Morgan 0-0: Ball
1-0: Called Strike
1-1: SINGLE (Flyball, 78S)
Robert Johnson scores
Dennis Stephenson to third
Pablo Trujillo to second
Runner from 3rd tries for Home, SAFE, no throw or cutoff
Batting: RHB Orlando González 0-0: Ball
1-0: Called Strike
1-1: 3-RUN HOME RUN (Flyball, 7LD), Distance : 371 ft
Batting: LHB Gary Kern 0-0: Ball
1-0: Called Strike
1-1: Ball
2-1: Swinging Strike
2-2: Ball
3-2: Strikes out looking
Top of the 11th over - 7 run(s), 4 hit(s), 0 error(s), 0 left on base; Mexico City 10 - San Jose 3
BOTTOM OF THE 11TH
San Jose Missions batting - Pitching for Mexico City Cerveceros : RHP Jonathan Long
Now at C: Fernando Garza
Batting: RHB Irwin Duncan 0-0: SINGLE (Flyball, 8RS)
Pitching: RHP Darryl Carter
Batting: RHB Elliott Rucker 0-0: Ball
1-0: Swinging Strike
1-1: Ball
2-1: Swinging Strike
2-2: Ball
3-2: Strikes out looking
Irwin Duncan is caught stealing 2nd base
Batter strikes out.
Batting: RHB Luis Antonio Rosas 0-0: Swinging Strike
0-1: Ball
1-1: Foul Ball, location: 2F
1-2: Strikes out looking
Bottom of the 11th over - 0 run(s), 1 hit(s), 0 error(s), 0 left on base; Mexico City 10 - San Jose 3
Monday, December 5th, 2016 - OOTP Baseball 17.12 Build 75